 Dungeon Crawl Stone Soup version 0.28-a0-957-g42eb19b844 (webtiles) character file.

Game seed: 16396462583125304078

2169 browni3141 the Skirmisher (level 8, -10/71 HPs)
             Began as a Demigod Fighter on Dec 1, 2021.
             Mangled by an orc warrior (11 damage)
             ... on level 6 of the Dungeon.
             The game lasted 00:08:22 (5797 turns).

browni3141 the Skirmisher (Demigod Fighter)         Turns: 5797, Time: 00:08:23

Health: -10/71     AC:  9    Str: 31    XL:     8   Next: 85%
Magic:  10/10      EV: 11    Int:  7    God:
Gold:   284        SH:  5    Dex: 13    Spells: 7/7 levels left

rFire   . . .      SeeInvis .   r - +2 spear (flame)
rCold   . . .      Faith    .   c - +0 buckler
rNeg    . . .      Spirit   .   x - +2 leather armour of the Stone Wall {Regen+ Int-3 Slay+2}
rPois   .          Reflect  .   j - +2 hat
rElec   .          Harm     .   (no cloak)
rCorr   +          Rampage  .   A - +0 pair of gloves
Will    .....                   (no boots)
Stlth   +.........              (no amulet)
HPRegen 1.01/turn               o - ring of resist corrosion
MPRegen 0.12/turn               m - +6 ring of strength

@: mighty, hasted, studying Air Magic, very quick
A: high mp 1, forlorn
a: no special abilities


You were on level 6 of the Dungeon.
You visited 2 branches of the dungeon, and saw 7 of its levels.

You collected 284 gold pieces.

Inventory:

Hand Weapons
 a - a +0 long sword
 r - a +2 spear of flaming (weapon)
Missiles
 s - 28 poisoned darts (quivered)
Armour
 b - a +0 scale mail
 c - a +0 buckler (worn)
 j - a +2 hat (worn)
 q - a +0 chain mail
 x - the +2 leather armour of the Stone Wall (worn) {Regen+ Int-3 Slay+2}
   (You took it off an orc on level 4 of the Dungeon)

   Int:       It affects your intelligence (-3).
   Slay:      It affects your accuracy & damage with ranged weapons and melee
   (+2).
   Regen:     It increases your rate of health regeneration.
 A - a +0 pair of gloves (worn)
 D - +0 acid dragon scales
Jewellery
 m - a +6 ring of strength (right hand)
 o - a ring of resist corrosion (left hand)
 v - a +6 ring of intelligence
 w - a ring of willpower
Wands
 k - a wand of flame (29)
Scrolls
 f - 2 scrolls of fear {unknown}
 i - 2 scrolls of enchant armour {unknown}
 n - a scroll of immolation {unknown}
 p - 2 scrolls of teleportation {unknown}
 y - 2 scrolls of noise {unknown}
 z - a scroll of holy word {unknown}
 B - 2 scrolls of identify {unknown}
Potions
 d - a potion of might
 g - a potion of haste
 h - a potion of mutation {unknown}
 l - a potion of berserk rage {unknown}
 t - a potion of flight {unknown}
 u - a potion of attraction {unknown}
 C - a potion of curing {unknown}
 E - a potion of heal wounds {unknown}


   Skills:
 * Level 6.9 Fighting
 - Level 1.7 Long Blades
 * Level 6.9 Armour
 * Level 6.9 Shields


You had 7 spell levels left.
You didn't know any spells.
Your spell library was empty.

Dungeon Overview and Level Annotations

Branches:
Dungeon (6/15)             Temple (1/1) D:5

Shops:
D:3 (


Innate Abilities, Weirdness & Mutations

Your attributes grow dramatically as you level up.
You have an increased reservoir of magic. (+10% MP)
You shall have no god before yourself.


Message History

Unknown command.
It was a potion of haste.
You feel yourself speed up. The orc wizard barely misses you.
The orc priest completely misses you.
The orc warrior hits you with a +0 flail!
Unknown command.
You are too confused!
Unknown command.
You're too confused to move!
The orc wizard hits you with a +0 dagger.
Unknown command.
You bump into the rock wall.
The orc warrior hits you with a +0 flail!
* * * LOW HITPOINT WARNING * * *
The orc priest closely misses you.
Unknown command.
The orc wizard hits you with a +0 dagger.
* * * LOW HITPOINT WARNING * * *
The orc warrior hits you but does no damage.
Unknown command.
You feel very mighty all of a sudden.
The orc wizard hits you but does no damage.
Unknown command.
You miss the orc priest.
The orc priest is severely wounded.
You feel less confused. The orc priest closely misses you.
The orc warrior hits you with a +0 flail!
* * * LOW HITPOINT WARNING * * *
Unknown command.
Okay, then.
As you read the scroll labelled LOUSIZ WEFU, it crumbles to dust.
The scroll dissolves into smoke.
It was a scroll of fog.
The orc wizard casts a spell at you. The puff of flame hits you.
* * * LOW HITPOINT WARNING * * *
The orc priest closely misses you.
The orc priest hits you with a +0 dagger.
* * * LOW HITPOINT WARNING * * *
The orc warrior hits you with a +0 flail!
You die...

................#.##
##.................#
##...........##..#
#..#.............####
#...#...............#
.......#.............##
........####§§§§##.##..#
.........## #§§§§.#.....#
..........###o@o§.......##
...........#.#oo...#.....#
#
#...........##o...#...###
#. #.................#####
..##................##
...#...#.......#....#
.......##......#...##
.....#..o.##...##.##
..##.#..........###


You could see an orc warrior, 2 orc priests, an orc wizard and an orc.

Vanquished Creatures
  Menkaure (D:4)
  The ghost of AttackTheMoon the Covert, an amateur KoDe (D:4)
  2 acid dragons
  2 sky beasts
  An ice beast (D:5)
  2 ogres (D:5)
  4 phantoms
  2 centaurs (D:5)
  A wyvern skeleton (D:5)
  A howler monkey (D:5)
  A centaur zombie (D:5)
  A centaur skeleton (D:4)
  4 hounds
  2 gnoll shamans (D:5)
  4 orc priests
  A bullfrog skeleton (D:5)
  Ijyb (D:4)
  Terence (D:2)
  2 iguanas
  A howler monkey zombie (D:4)
  Robin (D:1)
  5 gnolls (D:5)
  5 adders
  3 worms
  2 dart slugs
  19 orcs
  3 ball pythons
  5 endoplasms
  2 giant cockroaches
  9 goblins
  8 hobgoblins
  2 jackals (D:1)
  5 kobolds
  3 quokkas
  A bat (D:2)
  2 frilled lizards (D:3)
  5 rats
115 creatures vanquished.

Notes
Turn   | Place    | Note
-------+----------+-------------------------------------------
     0 | D:1      | browni3141 the Demigod Fighter began the quest for the Orb.
     0 | D:1      | Reached XP level 1. HP: 18/18 MP: 3/3
   500 | D:1      | Noticed an eye of devastation
   504 | D:1      | Noticed a golden eye
   504 | D:1      | Noticed a golden eye
   504 | D:1      | Noticed a shining eye
   507 | D:1      | Reached XP level 2. HP: 25/25 MP: 4/4
   897 | D:2      | Noticed Robin
  1252 | D:1      | Killed Robin
  1253 | D:1      | Reached XP level 3. HP: 25/31 MP: 5/5
  1584 | D:2      | Noticed Terence
  1605 | D:2      | Killed Terence
  1910 | D:2      | Reached XP level 4. HP: 29/38 MP: 6/6
  2590 | D:3      | Found Ekhlism's Weapon Boutique.
  2884 | D:4      | Noticed Ijyb
  2899 | D:4      | Killed Ijyb
  3201 | D:4      | Noticed a phantom
  3210 | D:4      | Killed a phantom
  3211 | D:4      | Reached XP level 5. HP: 25/46 MP: 7/7
  3496 | D:4      | Noticed a sky beast
  3508 | D:4      | Killed a sky beast
  3509 | D:4      | Reached XP level 6. HP: 34/53 MP: 8/8
  3637 | D:4      | Found a runed translucent gate.
  3637 | D:4      | Noticed AttackTheMoon's ghost (amateur KoDe)
  3638 | D:4      | Found a runed translucent gate.
  3639 | D:4      | Found a runed translucent gate.
  3666 | D:4      | Noticed Menkaure
  3672 | D:4      | Killed Menkaure
  4095 | D:4      | Reached skill level 5 in Fighting
  4095 | D:4      | Reached skill level 5 in Shields
  4095 | D:4      | Reached XP level 7. HP: 48/61 MP: 9/9
  4394 | D:4      | Identified the +2 leather armour of the Stone Wall {Regen+
                  | Int-3 Slay+2}
  4450 | D:4      | Reached skill level 5 in Armour
  4455 | D:4      | Killed AttackTheMoon's ghost
  4659 | D:5      | Entered Level 5 of the Dungeon
  4663 | D:5      | Found a staircase to the Ecumenical Temple.
  4823 | D:5      | Reached XP level 8. HP: 42/70 MP: 10/10
  5611 | Temple   | Entered the Ecumenical Temple
  5797 | D:6      | HP: 2/71 [orc wizard/puff of flame (3)]
  5797 | D:6      | Mangled by an orc warrior

Illustrated notes

Levels and vault maps discovered:
D:1:      wander_arrival_peaceful_grave, layout_basic,
          hellmonk_ecumenical_altar_watching_god
D:2:      layout_loops_ring, st_stairs_13,
          nicolae_concentric_dashed_squares_mild, uniq_robin, uniq_terence
D:3:      layout_rooms, serial_shops, nicolae_shop_bloodbath_and_beyond,
          eino_tiny_chamber
D:4:      cheibrodos_quashed, layout_basic, biasface_ghost_orc_armoury,
          uniq_menkaure, uniq_ijyb
D:5:      layout_loops_ring, minmay_temple_entry_mini_moons, minmay_manual_mess
D:6:      layout_cave_pools
Temple:   mainiacjoe_temple_circle_huts

Skill      XL: |  1  2  3  4  5  6  7  8 |
---------------+-------------------------+-----
Fighting       | 3 4 5 6 |  6.9
Shields        | 3 4 5 6 |  6.9
Armour         | 3 4 5 6 |  6.9
Long Blades    | |  1.7

Action                   |  1- 3 |  4- 6 |  7- 9 || total
-------------------------+-------+-------+-------++-------
Melee: Long sword        |   126 |    14 |       ||   140
       Spear             |       |   120 |   224 ||   344
Throw: Dart              |       |     2 |       ||     2
Evoke: Wand              |       |     1 |       ||     1
  Use: Potion            |       |       |     2 ||     2
       Scroll            |       |       |     1 ||     1
 Stab: Sleeping          |       |       |     1 ||     1
Armor: Scale mail        |    55 |       |       ||    55
       Chain mail        |       |    50 |     7 ||    57
       Leather armour    |       |       |    68 ||    68
Dodge: Dodged            |    66 |    36 |    94 ||   196
Block: Buckler           |    30 |    27 |    44 ||   101

Table legend: (Time is in decaauts)
 A = Elapsed time spent in this place.
 B = Non-inter-level travel time spent in this place.
 C = Inter-level travel time spent in this place.
 D = Time resting spent in this place.
 E = Time spent auto-exploring this place.
 F = Levels seen in this place.
 G = Mean time per level.
                   A        B        C        D        E       F      G
               +--------+--------+--------+--------+--------+-----+--------+
         Total |   5879 |   5635 |    244 |    539 |   3933 |   7 |  839.9 |
       Dungeon |   5877 |   5633 |    244 |    539 |   3933 |   6 |  979.5 |
        Temple |      1 |      1 |      0 |      0 |      0 |   1 |    1.0 |
               +--------+--------+--------+--------+--------+-----+--------+

Top non-repeatable levels by time:
     D:4: 1791 daAuts
     D:1: 1233 daAuts
     D:2: 1057 daAuts
     D:5: 983 daAuts
     D:3: 642 daAuts
     D:6: 169 daAuts
  Temple: 1 daAuts
